 Dungeon Crawl Stone Soup version 0.31-a0-210-gccc998df9b (webtiles) character file.

Game seed: 8715877303023352492

72 qw the Shooter (level 4, 0/26 HPs)
             Began as a Gargoyle Hexslinger on June 29, 2023.
             Slain by Terence
             ... wielding a +0 hand axe
              (5 damage)
             ... on level 2 of the Dungeon.
             The game lasted 00:00:38 (1295 turns).

qw the Shooter (Gargoyle Hexslinger)                Turns: 1295, Time: 00:00:39

Health: 0/26       AC:  9    Str: 12    XL:     4   Next: 26%
Magic:  5/5        EV: 15    Int: 13    God:
Gold:   132        SH:  0    Dex: 14    Spells: 4/5 levels left

rFire   . . .        Y - +1 sling
rCold   . . .        (no shield)
rNeg    + . .        h - +0 ring mail
rPois   inf          (no helmet)
rElec   +            j - +0 cloak
rCorr   .            (no gloves)
SInv    .            (no boots)
Will    .....        (no amulet)
Stlth   +            e - +5 ring of evasion
HPRegen 0.24/turn    (no ring)
MPRegen 0.09/turn

%: no passive effects
@: about to teleport
A: sickness immunity, AC +3, negative energy resistance 1, electricity
resistance, torment resistance 1, petrification resistance
a: no special abilities


You were on level 2 of the Dungeon.
You visited 1 branch of the dungeon, and saw 2 of its levels.

You collected 132 gold pieces.


Innate Abilities, Weirdness & Mutations

You are immune to sickness and miasma.
Your stone body is resilient. (AC +3)
You are immune to poison.
You resist negative energy. (rN+)
You are resistant to electric shocks. (rElec)
You are resistant to unholy torment.
You are immune to petrification.


   Skills:
 - Level 2.0 Fighting
 + Level 3.8 Ranged Weapons
 - Level 1.0 Armour
 - Level 1.5 Dodging
 - Level 1.0 Spellcasting
 - Level 2.6 Hexes


You had 4 spell levels left.
You knew the following spells:

 Your Spells              Type           Power      Damage    Failure   Level
a - Slow                  Hex            28%        N/A       22%         1

Your spell library contained the following spells:

 Spells                   Type           Power      Damage    Failure   Level
 Inner Flame              Hex/Fire       4%         N/A       73%         3
 Portal Projectile        Hex/Tloc       8%         N/A       73%         3
 Cause Fear               Hex            3%         N/A       91%         4

Inventory:

Hand Weapons
 Y - a +1 sling (weapon)
Armour
 h - a +0 ring mail (worn)
 j - a +0 cloak (worn)
Jewellery
 e - a +5 ring of evasion (left hand)
Scrolls
 a - a scroll of identify
Potions
 b - a potion of resistance {unknown}
 i - a potion of haste

Dungeon Overview and Level Annotations

Branches:
Dungeon (2/15)

Altars:

Annotations:
D:2 Terence


Message History

Terence closely misses you.
You shoot a sling bullet.
The sling bullet hits Terence but does no damage.
Terence is moderately wounded.
Terence closely misses you.
You shoot a sling bullet. The sling bullet barely misses Terence.
Terence completely misses you.
You shoot a sling bullet.
The sling bullet hits Terence but does no damage.
Terence is moderately wounded.
Terence completely misses you.
Terence shouts, "Get ready for death!"
Terence misses you.
You shoot a sling bullet. The sling bullet hits Terence.
Terence is heavily wounded.
Terence screams, "I'm going to kill you!"
Terence hits you but does no damage.
You shoot a sling bullet.
The sling bullet hits Terence but does no damage.
Terence is heavily wounded.
Terence hits you with a +0 hand axe.
You shoot a sling bullet.
The sling bullet hits Terence but does no damage.
Terence is heavily wounded.
Terence misses you. Terence hits you but does no damage.
You shoot a sling bullet. The sling bullet hits Terence.
Terence is heavily wounded.
Terence completely misses you.
You shoot a sling bullet.
The sling bullet hits Terence but does no damage.
Terence is heavily wounded.
Terence hits you with a +0 hand axe. Terence closely misses you.
1294 ||| READING scroll of teleportation.
As you read the scroll of teleportation, it crumbles to dust.
You feel strangely unstable. Terence barely misses you.
You shoot a sling bullet. The sling bullet hits Terence.
Terence is heavily wounded.
Terence hits you with a +0 hand axe.
You die...

#..# ##.#...... ##.###
#..(.#### #...#
####..### #.#.## ###....
#.#.>######.....#
########.#.............#
#......#.#.##.[........#
#......#...####........#
#...>.@@..## #.....)..#
#......#..## #.......##
#########..## ######..##
#...### ##...
#.....##########
##.##...........
#..########.... ##.##
#<### #..## ##.#


You could see Terence.

Vanquished Creatures
  2 adders (D:2)
  An adder zombie (D:2)
  An adder skeleton (D:2)
  A worm (D:2)
  4 ball pythons
  2 bat zombies (D:2)
  6 endoplasms
  3 giant cockroaches
  3 hobgoblins (D:2)
  4 jackals (D:2)
  A ball python skeleton (D:2)
  2 bats (D:2)
  4 frilled lizards
  A giant cockroach zombie (D:2)
  2 goblins
  5 kobolds
  3 rats
45 creatures vanquished.

Notes
Turn   | Place    | Note
-------+----------+-------------------------------------------
     0 | D:1      | qw the Gargoyle Hexslinger began the quest for the Orb.
     0 | D:1      | Reached XP level 1. HP: 12/12 MP: 2/2
     0 | D:1      | 0 ||| qw: Version: 0.3-a-24-g62f9e04
     0 | D:1      | 0 ||| qw: Game counter: 6714
     0 | D:1      | 0 ||| qw: Melee chars always use a shield: true
     0 | D:1      | 0 ||| qw: God list: Okawaru
     0 | D:1      | 0 ||| qw: Allow faded altars: false
     0 | D:1      | 0 ||| qw: Do Orc after clearing Dungeon:15 true
     0 | D:1      | 0 ||| qw: Do second Lair branch before Depths: true
     0 | D:1      | 0 ||| qw: Lair rune preference: random
     0 | D:1      | 0 ||| qw: Goals: Normal
     0 | D:1      | 0 ||| PLANNING D:1-11
   418 | D:1      | Reached XP level 2. HP: 16/16 MP: 3/3
   536 | D:1      | Reached skill level 3 in Ranged Weapons
   775 | D:1      | 775 ||| UPGRADING to +0 leather armour.
   785 | D:1      | 785 ||| DROPPING +0 robe.
   786 | D:1      | 786 ||| UPGRADING to +0 ring mail.
   796 | D:1      | 796 ||| DROPPING +0 leather armour.
   797 | D:1      | 797 ||| UPGRADING to +0 cloak.
   802 | D:1      | 802 ||| UPGRADING to +5 ring of evasion.
   803 | D:1      | 803 ||| READING 3 scrolls labelled JEFESE NUVIRGHI.
   804 | D:1      | 804 ||| READING scroll labelled ASMYNT ZUILL.
   809 | D:1      | 809 ||| READING 2 scrolls of identify.
   809 | D:1      | 809 ||| IDENTIFYING puce potion
   810 | D:1      | 810 ||| DROPPING scroll of poison.
   900 | D:2      | Reached XP level 3. HP: 21/21 MP: 4/4
  1017 | D:2      | Reached skill level 1 in Armour
  1155 | D:2      | Reached XP level 4. HP: 26/26 MP: 5/5
  1276 | D:2      | Noticed Terence
  1293 | D:2      | HP: 5/26 [Terence/+0 hand axe (3)]
  1294 | D:2      | 1294 ||| READING scroll of teleportation.
  1295 | D:2      | Slain by Terence

Levels and vault maps discovered:
D:1:      nzn_arrival_depleted_hourglass, layout_loops_corners,
          minmay_tromino_v4_a
D:2:      layout_rooms, serial_undead, serial_undead_a, serial_undead_e,
          serial_undead_e, serial_undead_d, grunt_ministairs_14, uniq_terence

Skill      XL: |  1  2  3 |
---------------+----------+-----
Ranged Weapons | 3 |  3.8
Fighting       | 2 |  2.0
Armour         | 1 |  1.0
Dodging        | |  1.5
Spellcasting   | |  1.0
Hexes          | |  2.6

Action                     |  1- 3 |  4- 6 || total
---------------------------+-------+-------++-------
   Fire: Sling             |   146 |    35 ||   181
    Use: Scroll            |     3 |     1 ||     4
 Armour: Robe              |     3 |       ||     3
         Ring mail         |    34 |     7 ||    41
  Dodge: Dodged            |   101 |    15 ||   116

Table legend:
 A = Non-vault XP
 B = Vault XP
 C = Vault XP percentage of total XP
 D = Non-vault monster count
 E = Vault monster count
 F = Vault count percentage of total count
                 A         B        C        D         E       F
            +---------+---------+-------+---------+---------+-------
      Total |      81 |      23 |  22.1 |      35 |      10 |  22.2
            +---------+---------+-------+---------+---------+-------
        D:1 |      17 |       6 |  26.1 |      11 |       4 |  26.7
        D:2 |      64 |      17 |  21.0 |      24 |       6 |  20.0
            +---------+---------+-------+---------+---------+-------
